 Dungeon Crawl Stone Soup version 0.29.1-13-g9f3cf754e1 (webtiles) character file.

Game seed: 11177843606057515415

322607 Atlar the Markshuman (level 22, -1/256 HPs)
             Began as a Human Hunter on Feb 3, 2023.
             Was a High Priest of Qazlal.
             Slain by a vampire knight
             ... wielding a +2 battleaxe of freezing
              (6 damage)
             ... on level 1 of the Depths on Feb 4, 2023.
             The game lasted 05:13:47 (45299 turns).

Atlar the Markshuman (Human Hunter)                Turns: 45299, Time: 05:13:48

Health: -1/256     AC: 31    Str: 16    XL:     22   Next: 51%
Magic:  17/35      EV:  2    Int: 10    God:    Qazlal [*****.]
Gold:   3475       SH:  7    Dex: 29    Spells: 27/29 levels left

rFire   . . .      SeeInvis .   L - +4 arbalest "Tetruesk" {speed, +Blink rPois}
rCold   + + .      Faith    +   (shield currently unavailable)
rNeg    . . .      Spirit   .   (body armour currently unavailable)
rPois   +          Reflect  .   (helmet currently unavailable)
rElec   .          Harm     .   (cloak currently unavailable)
rCorr   .          Rampage  .   (gloves currently unavailable)
Will    ++...      NoTele   +   (boots currently unavailable)
Stlth   +.........              R - amulet of faith
HPRegen 0.52/turn               T - +6 ring of dexterity
MPRegen 0.24/turn               B - ring of protection from cold

@: tree-form, protected from cold, studying Earth Magic, repel missiles, very
slow
A: stationary, stasis, torment immunity, boosted hp, strong-willed 1,
(electricity resistance)
}: 2/15 runes: decaying, gossamer
a: Renounce Religion, Evoke Blink, Upheaval, Elemental Force, Disaster Area


You were on level 1 of the Depths.
You worshipped Qazlal.
Qazlal was extremely pleased with you.
You were a tree.
You visited 9 branches of the dungeon, and saw 39 of its levels.

You collected 4621 gold pieces.
You spent 1146 gold pieces at shops.

Inventory:

Hand Weapons
 G - a +3 arbalest of venom
 L - the +4 arbalest "Tetruesk" (weapon) {speed, +Blink rPois}
   (You found it on level 3 of the Lair of Beasts)

   Attacks with this weapon are significantly faster.
   rPois:     It protects you from poison.
   +Blink:    It lets you blink.
 U - a +2 longbow of flaming
Armour
 g - a +0 cloak of preservation
 k - a +0 troll leather armour (melded)
 l - a +1 pair of gloves of strength (melded)
 m - a +0 pair of boots (melded)
 n - a +2 buckler
 t - +0 swamp dragon scales
 x - a +2 chain mail of fire resistance
 C - the +0 pair of gloves "Mydad" {rPois Str+2 Int+2}
   (You found it on level 1 of the Spider Nest)

   Str:       It affects your strength (+2).
   Int:       It affects your intelligence (+2).
   rPois:     It protects you from poison.
 H - a +2 plate armour of cold resistance
 V - the +2 cloak of Bedevilment (melded) {rPois Int+3 Dex+4}
   (You acquired it on level 1 of the Spider Nest)

   Int:       It affects your intelligence (+3).
   Dex:       It affects your dexterity (+4).
   rPois:     It protects you from poison.
 X - a +2 helmet (melded)
Jewellery
 v - the amulet of Xom's Entertainment {Faith rElec rN+ Str-2}
   (You took it off a centaur warrior on level 15 of the Dungeon)

   [amulet of faith]

   It allows you to gain divine favour quickly.
   Str:       It affects your strength (-2).
   rElec:     It insulates you from electricity.
   rN:        It protects you from negative energy.
 A - a ring of willpower
 B - a ring of protection from cold (right branch)
 Q - a ring of positive energy
 R - an amulet of faith (around neck)
 S - a ring of protection from cold
 T - a +6 ring of dexterity (left branch)
Wands
 h - a wand of charming (15)
 y - a wand of roots (18)
 E - a wand of polymorph (13)
 K - a wand of quicksilver (19)
 W - a wand of digging (12)
Scrolls
 b - 10 scrolls of immolation
 d - 5 scrolls of brand weapon
 f - a scroll of silence
 q - 7 scrolls of amnesia
 s - 3 scrolls of fog
 w - a scroll of magic mapping
 D - 4 scrolls of enchant armour
 I - 3 scrolls of fear
 M - 10 scrolls of poison
 Y - 4 scrolls of summoning
 Z - 6 scrolls of teleportation
Potions
 a - 3 potions of lignification
 e - 3 potions of cancellation
 j - 7 potions of might
 o - 9 potions of mutation
 p - 2 potions of resistance
 r - 8 potions of haste
 z - 8 potions of curing
 F - a potion of brilliance
 J - 4 potions of invisibility
 N - 2 potions of magic
 O - 9 potions of flight
 P - 6 potions of ambrosia
Miscellaneous
 c - a phial of floods (inert)
 u - a lightning rod (4/4)


   Skills:
 + Level 13.9 Fighting
 - Level 20.1 Ranged Weapons
 - Level 14.0 Armour
 + Level 18.1 Dodging
 - Level 3.8 Stealth
 - Level 5.1 Shields
 - Level 4.4 Spellcasting
 - Level 4.9 Poison Magic
 + Level 18.4 Invocations
 - Level 8.0 Evocations


You had 27 spell levels left.
You knew the following spells:

 Your Spells              Type           Power      Damage    Failure   Level
a - Poisonous Vapours     Pois/Air       14%        N/A       14%         2

Your spell library contained the following spells:

 Spells                   Type           Power      Damage    Failure   Level
 Apportation              Tloc           4%         N/A       24%         1
 Magic Dart               Conj           8%         1d3       24%         1
 Slow                     Hex            8%         N/A       24%         1
 Summon Small Mammal      Summ           8%         N/A       24%         1
 Spider Form              Tmut/Pois      7%         N/A       26%         3
 Olgreb's Toxic Radiance  Pois           12%        N/A       32%         4
 Ensorcelled Hibernation  Hex/Ice        4%         N/A       36%         2
 Searing Ray              Conj           4%         2d4       36%         2
 Static Discharge         Conj/Air       2%         3-4/arc   36%         2
 Sublimation of Blood     Necr           2%         N/A       36%         2
 Call Canine Familiar     Summ           2%         N/A       58%         3
 Confusing Touch          Hex            2%         N/A       58%         3
 Inner Flame              Hex/Fire       2%         N/A       58%         3
 Stone Arrow              Conj/Erth      4%         3d7       58%         3
 Summon Guardian Golem    Hex/Summ       2%         N/A       58%         3
 Vampiric Draining        Necr           2%         2d6       58%         3
 Corpse Rot               Necr/Pois/Air  5%         N/A       77%         4
 Anguish                  Hex/Necr       1%         N/A       94%         4
 Animate Armour           Summ/Erth      4%         N/A       94%         4
 Animate Dead             Necr           2%         N/A       94%         4
 Cause Fear               Hex            1%         N/A       94%         4
 Fulminant Prism          Conj/Hex       1%         3d6       94%         4
 Iskenderun's Mystic Bla  Conj/Tloc      2%         2d3       94%         4
 Leda's Liquefaction      Hex/Erth       1%         N/A       94%         4
 Petrify                  Tmut/Erth      2%         N/A       94%         4
 Alistair's Intoxication  Tmut/Pois      4%         N/A       94%         5
 Borgnjor's Vile Clutch   Necr/Erth      1%         N/A       100%        5
 Irradiate                Conj/Tmut      1%         3d12      100%        5
 Lee's Rapid Deconstruct  Erth           1%         3d5*      100%        5
 Lightning Bolt           Conj/Air       1%         1d12      100%        5
 Summon Forest            Summ/Tloc      1%         N/A       100%        5
 Summon Mana Viper        Hex/Summ       2%         N/A       100%        5
 Yara's Violent Unravell  Hex/Tmut       1%         3d3       100%        5
 Conjure Ball Lightning   Conj/Air       1%         3x3d6     100%        6
 Eringya's Noxious Bog    Tmut/Pois      3%         N/A       100%        6
 Statue Form              Tmut/Erth      1%         N/A       100%        6
 Summon Cactus Giant      Summ           1%         N/A       100%        6
 Enfeeble                 Hex            1%         N/A       100%        7
 Haunt                    Necr/Summ      1%         N/A       100%        7
 Orb of Destruction       Conj           1%         9d5       100%        7
 Ozocubu's Refrigeration  Ice            1%         4d7       100%        7
 Spellforged Servitor     Conj/Summ      1%         N/A       100%        7
 Summon Hydra             Summ           1%         N/A       100%        7
 Borgnjor's Revivificati  Necr           1%         N/A       100%        8
 Discord                  Hex            1%         N/A       100%        8
 Disjunction              Tloc           1%         N/A       100%        8
 Ignition                 Fire           1%         3d3       100%        8
 Infestation              Necr           1%         N/A       100%        8
 Lehudib's Crystal Spear  Conj/Erth      1%         10d2      100%        8
 Necromutation            Tmut/Necr      1%         N/A       100%        8
 Death's Door             Necr           1%         N/A       100%        9


Dungeon Overview and Level Annotations

Branches:
Dungeon (15/15)            Temple (1/1) D:4            Lair (5/5) D:8
  Swamp (4/4) Lair:3       Spider (4/4) Lair:2        Slime (0/5) Lair:4
    Orc (2/2) D:10            Elf (3/3) Orc:2        Vaults (4/5) D:13
  Crypt (0/3) Vaults:2     Depths (1/4) D:15

Altars:
Ashenzari
Cheibriados
Dithmenos
Elyvilon
Fedhas
Gozag
Hepliaklqana
Kikubaaqudgha
Makhleb
Nemelex Xobeh
Okawaru
Qazlal
Ru
Sif Muna
Trog
Uskayaw
Vehumet
Wu Jian
Xom
Yredelemnul
Zin
The Shining One
Jiyva

Shops:
D:4 ![*:   D:9 *=   D:14 :   Orc:1 *   Orc:2 !*?!(   Elf:1 :   Vaults:1 [

Annotations:
D:4 Blork the orc
Orc:1 Erica, Gastronok
Elf:2 2 runed translucent doors
Elf:3 Zenata
Vaults:2 Mara
Vaults:3 2 transporters, exclusion: orange crystal statue


Innate Abilities, Weirdness & Mutations

You are a tree.
Your roots penetrate the ground, keeping you stationary.
You cannot be teleported.
You are immune to unholy pain and torment.
Your maximum health is greatly increased.
Your equipment is partially melded.
You are strong-willed. (Will+)
((You are resistant to electric shocks. (rElec)))


Message History

You kill the tengu warrior!
Qazlal accepts your kill.
You hear a sizzling splash. x3
The blast of ice hits the green ugly thing!!
You kill the green ugly thing!
Qazlal accepts your kill.
You hear a sizzling sound!
Something hits you!!
* * * LOW HITPOINT WARNING * * *
You hear a splashing noise.
The spriggan berserker hits you with a +0 broad axe.
* * * LOW HITPOINT WARNING * * *
You feel protected from physical attacks.
Something hits you but does no damage. Something bites you but does no damage.
The spriggan berserker hits you but does no damage.
Aiming: Upheaval
Press: ? - help, Dir - move target A blizzard blasts the area with ice!
You hear a splashing noise.
Something bites you but does no damage.
The spriggan berserker hits you but does no damage.
Aiming: Upheaval
Press: ? - help, Dir - move target A storm cloud blasts the area with cutting wind!
Something hits you.
* * * LOW HITPOINT WARNING * * *
You feel more protected from physical attacks.
Something bites you but does no damage.
You block the spriggan berserker's attack.
The spriggan berserker splashes around in the water.
Something hits you.
* * * LOW HITPOINT WARNING * * *
Your resistance to physical damage fades away.
You feel protected from cold. Something bites you but does no damage.
Aiming: Quicksilver Bolt
Press: ? - help, Shift-Dir - straight line The bolt of dispelling energy misses the spriggan berserker.
Something hits you.
You die...

## .# .# .# #. #.# .#
###.#####.######>######
...≈§≈..§{♣i≈§≈.≈.....
#....≈..#####.#####.
#.≈.≈.≈.# #.# #.§≈.≈..#
#i# ..#.≈≈§...# #.#
....§≈.<..# #C#
.##.......# #.#
#.......# #Q#
#.......#####u#####.


You could see a spriggan berserker (berserk, regenerating, strong-willed,
waterlogged).

Vanquished Creatures
  A bone dragon (Vaults:2)
  Rupert (Spider:1)
  A tentacled monstrosity (Swamp:3)
  A deep elf blademaster (Elf:3)
  The ghost of Exodus22XD the Impaler, an adept MiFi of the Shining One (Swamp:4)
  4 sphinxes
  Agnes (D:14)
  3 thorn hunters
  A frost giant (Depths:1)
  Aizul (Swamp:2)
  8 vault wardens
  4 hydra zombies (Swamp:4)
  3 orc warlords
  3 emperor scorpions
  A ghost moth (Spider:4)
  11 ironbound preservers
  The ghost of GeoRichter the Carver, an adept VSBr of Wu Jian (Spider:1)
  8 very ugly things
  2 stone giants (Depths:1)
  3 war gargoyles
  7 broodmothers
  A deep elf demonologist (Elf:3)
  Nessos (D:14)
  7 ironbound thunderhulks
  4 eleionomae
  2 deep elf annihilators
  2 vampire knights (Swamp:4)
  2 bunyips
  6 dire elephants
  7 entropy weavers
  Josephine (D:12)
  A deep elf death mage (Elf:3)
  A ragged hierophant (Elf:1)
  6 yaktaur captains
  An ettin (Orc:1)
  2 shambling mangroves (Swamp:4)
  8 great orbs of eyes
  Fannar (Orc:1)
  A fire dragon (D:15)
  An ice dragon (D:15)
  8 vault guards
  2 peacekeepers
  2 jorogumos
  4 radroaches
  2 ghost crabs
  18 hydras
  An ogre mage (D:15)
  5 centaur warriors
  4 catoblepae
  2 boulder beetles
  11 ironbound frosthearts
  10 alligators
  12 dancing weapons
  A two-headed ogre (D:9)
  3 tengu warriors
  12 death yaks
  4 orc high priests (Orc:2)
  Sonja (Lair:1)
  7 deep elf knights
  3 sun moths
  A fire crab (shapeshifter) (Elf:1)
  2 goliath frogs
  15 orb spiders
  9 pharaoh ants
  9 spriggan druids
  A flayed ghost (Swamp:4)
  5 steelbarb worms
  32 deep trolls
  A glowing orange brain (Vaults:2)
  5 swamp dragons
  4 bog bodies
  2 spectral hydras (Swamp:4)
  4 orc knights (Vaults:4)
  5 wizards
  5 harpies (Vaults:2)
  10 ironbound convokers
  5 necromancers
  9 lindwurms
  14 deep elf pyromancers
  3 phantasmal warriors
  4 deep elf archers
  13 deep elf zephyrmancers
  Pikel (D:4)
  2 will-o-the-wisps
  21 wolf spiders
  10 ugly things
  A moth of wrath (shapeshifter) (D:15)
  A stone giant zombie (Vaults:1)
  3 oklob plants (Swamp:4)
  A sphinx skeleton (Vaults:1)
  3 orc sorcerers
  2 manticores (Lair:5)
  12 cyclopes
  2 human zombies
  24 elephants
  3 moths of wrath
  Joseph (D:7)
  A black mamba (Lair:1)
  8 vault sentinels
  5 torpor snails
  2 gargoyles
  Psyche (D:8)
  6 cane toads
  A freezing wraith (Vaults:3)
  9 demonic crawlers
  3 rime drakes
  10 yaktaurs
  2 unseen horrors
  9 komodo dragons
  An entropy weaver simulacrum (Vaults:1)
  6 polar bears
  4 bloated husks
  A polar bear (shapeshifter) (D:13)
  5 meliai
  7 trolls
  Prince Ribbit (D:7)
  3 death drake zombies (Swamp:4)
  A wolf spider simulacrum (D:14)
  3 saltlings (Elf:1)
  25 tarantellas
  31 jumping spiders
  8 tyrant leeches
  21 hornets
  35 blink frogs
  51 slime creatures
  5 air elementals (Elf:1)
  A shadow (D:11)
  21 culicivoras
  3 ettin zombies
  15 spriggans
  A wyvern (shapeshifter) (D:13)
  2 wyverns
  A vampire (D:11)
  A fire elemental (Elf:2)
  Grum (D:10)
  7 hogs (D:14)
  11 humans (D:13)
  4 basilisks
  39 yaks
  7 wraiths
  39 redbacks
  A warg (Orc:2)
  2 steam dragons (D:8)
  A yaktaur simulacrum (Vaults:1)
  18 vampire mosquitoes
  10 swamp worms
  2 acid dragons
  A glowing shapeshifter zombie (Vaults:1)
  10 water moccasins
  Duvessa (D:7)
  A glowing shapeshifter skeleton (Vaults:1)
  9 swamp drakes
  12 orc warriors
  8 black bears
  A sky beast (shapeshifter) (D:15)
  7 wolves
  6 ogres
  2 swamp dragon zombies (Swamp:4)
  13 centaurs
  A swamp dragon skeleton (Swamp:4)
  3 phantoms
  3 kobold brigands
  A lemure (D:4)
  9 bullfrogs
  3 gnoll sergeants
  A scorpion (D:5)
  2 necrophages
  2 human simulacra
  7 earth elementals
  8 wights (D:9)
  3 human skeletons (Vaults:1)
  Dowan (D:7)
  4 killer bees (D:10)
  5 electric eels
  5 howler monkeys
  Crazy Yiuf (D:3)
  A jelly (D:6)
  A gnoll bouda (D:6)
  25 orc priests
  4 hounds
  18 orc wizards
  7 hell rats
  2 iguanas
  A mummy (D:5)
  Robin (D:4)
  5 adders
  21 gnolls
  2 worms (D:3)
  2 dart slugs (D:2)
  49 orcs
  4 ball pythons
  16 bats
  7 endoplasms
  12 goblins
  5 hobgoblins
  13 jackals
  17 kobolds
  4 quokkas
  6 frilled lizards
  2 hobgoblin zombies (D:5)
  4 rats (D:2)
  2 briar patches (Swamp:4)
1291 creatures vanquished.

Vanquished Creatures (collateral kills)
  Arachne (Spider:3)
  Jorgrun (D:14)
  Mlioglotl (Spider:3)
  2 sphinxes
  Frances (Swamp:1)
  Kirke (D:14)
  A thorn hunter (Swamp:4)
  Donald (Swamp:1)
  2 ghost moths (Spider:3)
  A stone giant (Depths:1)
  An ironbound preserver (Vaults:4)
  An ironbound thunderhulk (Vaults:4)
  An eleionoma (Swamp:2)
  A bunyip (Swamp:2)
  A yaktaur captain (D:12)
  A shambling mangrove (Swamp:4)
  A hydra (Swamp:2)
  A steelbarb worm (Spider:4)
  An ironbound convoker (Vaults:4)
  3 spectral hydras (Swamp:4)
  3 deep elf pyromancers (Elf:1)
  A wolf spider (Spider:3)
  A deep elf zephyrmancer (Elf:1)
  A cyclops (D:12)
  A demonic crawler (Spider:4)
  A tengu conjurer (D:15)
  A culicivora (Spider:3)
  3 redbacks (Spider:3)
  A hydra simulacrum (Swamp:4)
  A swamp drake (Swamp:4)
  A lemure (D:3)
39 creatures vanquished.

Vanquished Creatures (others)
  An ettin (Depths:1)
  A hydra (Swamp:2)
  An ice dragon (Depths:1)
  A deep elf pyromancer (Elf:1)
  A deep elf zephyrmancer (Elf:2)
  A bloated husk (Swamp:2)
  A redback (Spider:4)
  3 briar patches (Swamp:4)
  2 foxfires (Swamp:1)
  21 fungi
  67 plants
100 creatures vanquished.

Grand Total: 1430 creatures vanquished

Notes
Turn   | Place    | Note
-------+----------+-------------------------------------------
     0 | D:1      | Atlar the Human Hunter began the quest for the Orb.
     0 | D:1      | Reached XP level 1. HP: 16/16 MP: 1/1
   152 | D:1      | Reached XP level 2. HP: 22/22 MP: 2/2
   478 | D:1      | Reached XP level 3. HP: 20/27 MP: 3/3
  1205 | D:2      | Reached XP level 4. HP: 33/33 MP: 4/4
  1208 | D:2      | Learned a level 2 spell: Poisonous Vapours
  1840 | D:3      | Found a faded altar of an unknown god.
  1864 | D:3      | Reached skill level 5 in Ranged Weapons
  1864 | D:3      | Reached XP level 5. HP: 31/38 MP: 5/5
  2064 | D:3      | Found a runed translucent door.
  2065 | D:3      | Noticed Crazy Yiuf
  2521 | D:3      | Killed Crazy Yiuf
  2587 | D:4      | Noticed a lemure
  2587 | D:4      | Noticed a phantom
  2604 | D:3      | Killed a lemure
  2682 | D:4      | Reached skill level 1 in Poison Magic
  2682 | D:4      | Reached XP level 6. HP: 35/44 MP: 5/7
  2754 | D:4      | Reached skill level 1 in Spellcasting
  2837 | D:4      | Found Lipogh's Book Shop.
  2848 | D:4      | Reached XP level 7. HP: 46/50 MP: 8/10
  2889 | D:4      | Reached skill level 6 in Ranged Weapons
  2905 | D:4      | Gained mutation: You are resistant to electric shocks.
                  | (rElec) [potion of mutation]
  2905 | D:4      | Gained mutation: You are strong-willed. (Will+) [potion of
                  | mutation]
  3192 | D:4      | Noticed Pikel
  3235 | D:4      | Killed Pikel
  3236 | D:4      | Reached XP level 8. HP: 23/56 MP: 10/13
  3456 | D:4      | Found a staircase to the Ecumenical Temple.
  3466 | Temple   | Entered the Ecumenical Temple
  3604 | Temple   | Became a worshipper of Qazlal Stormbringer
  3639 | D:4      | Found Disi's General Store.
  3650 | D:4      | Found Ahizoti's Distillery.
  3655 | D:4      | Bought a potion of cancellation for 96 gold pieces
  3655 | D:4      | Bought a potion of heal wounds for 60 gold pieces
  3655 | D:4      | Bought a potion of haste for 120 gold pieces
  3664 | D:4      | Noticed Robin
  3677 | D:4      | Killed Robin
  3763 | D:4      | Found Vajyweob's Armour Emporium.
  3872 | D:4      | Noticed Blork the orc
  4040 | D:5      | Entered Level 5 of the Dungeon
  4068 | D:5      | Reached skill level 7 in Ranged Weapons
  4381 | D:5      | Reached skill level 1 in Invocations
  5665 | D:5      | Reached * piety under Qazlal
  5883 | D:6      | Reached XP level 9. HP: 46/61 MP: 15/15
  6737 | D:6      | Reached skill level 8 in Ranged Weapons
  7081 | D:7      | Noticed Dowan
  7082 | D:7      | Noticed Duvessa
  7102 | D:7      | Killed Duvessa
  7103 | D:7      | Killed Dowan
  7233 | D:7      | Noticed Prince Ribbit
  7266 | D:7      | Killed Prince Ribbit
  7273 | D:7      | Found a sparkling altar of Nemelex Xobeh.
  7273 | D:7      | Found a sacrificial altar of Ru.
  7273 | D:7      | Found a hazy altar of Hepliaklqana.
  7347 | D:7      | Reached skill level 5 in Invocations
  7358 | D:7      | Reached ** piety under Qazlal
  7541 | D:7      | Found a broken altar of Ashenzari.
  7663 | D:7      | Reached XP level 10. HP: 64/67 MP: 16/16
  7679 | D:7      | Found a shadowy altar of Dithmenos.
  7688 | D:7      | Noticed Joseph
  7698 | D:7      | Killed Joseph
  7699 | D:7      | Reached skill level 9 in Ranged Weapons
  7699 | D:7      | Reached skill level 5 in Dodging
  7882 | D:7      | Found a bloodstained altar of Trog.
  7883 | D:7      | Found a shimmering altar of Xom.
  7885 | D:7      | Found a burning altar of Makhleb.
  7885 | D:7      | Found a glowing silver altar of Zin.
  7886 | D:7      | Found a blossoming altar of Fedhas.
  7888 | D:7      | Found an ancient bone altar of Kikubaaqudgha.
  7892 | D:7      | Found a snail-covered altar of Cheibriados.
  7893 | D:7      | Found an opulent altar of Gozag.
  8032 | D:8      | Noticed Psyche
  8035 | D:8      | Killed Psyche
  8062 | D:8      | Noticed an elephant
  8111 | D:8      | Noticed a death yak
  8549 | D:9      | Found Faduplud's Demolitions Depot.
  9055 | D:9      | Noticed a two-headed ogre
  9061 | D:9      | Killed a two-headed ogre
  9062 | D:9      | Reached skill level 1 in Armour
  9461 | D:9      | Found Yrphan Xuapp's Jewellery Shoppe.
  9644 | D:9      | Reached XP level 11. HP: 40/72 MP: 17/17
 10144 | D:10     | Entered Level 10 of the Dungeon
 10202 | D:10     | Reached skill level 10 in Ranged Weapons
 10301 | D:10     | Noticed Grum
 10326 | D:10     | Killed Grum
 10657 | D:10     | Found a staircase to the Orcish Mines.
 11163 | D:11     | Noticed a cyclops
 11174 | D:11     | Killed a cyclops
 11869 | Orc:1    | Entered Level 1 of the Orcish Mines
 11902 | Orc:1    | Noticed an orc sorcerer
 12121 | D:11     | Found a bloodstained altar of Trog.
 13212 | Orc:1    | Noticed Fannar
 13291 | D:8      | Found a staircase to the Lair.
 13327 | D:8      | Killed an elephant
 13337 | D:8      | Reached skill level 5 in Armour
 13350 | Lair:1   | Entered Level 1 of the Lair of Beasts
 13651 | Lair:1   | Reached skill level 11 in Ranged Weapons
 13651 | Lair:1   | Reached XP level 12. HP: 70/78 MP: 11/18
 14840 | Lair:1   | Noticed Sonja
 14883 | D:8      | Killed a death yak
 15020 | D:8      | Found a radiant altar of Vehumet.
 15347 | D:10     | Noticed a soul eater
 15635 | Orc:2    | Entered Level 2 of the Orcish Mines
 15635 | Orc:2    | Noticed an ettin
 15647 | Orc:1    | Found Tofrozou's Overcharged Wands.
 15755 | D:9      | Bought a +6 ring of dexterity for 396 gold pieces
 15861 | Lair:2   | Reached skill level 10 in Invocations
 16282 | Lair:2   | Found a hole to the Spider Nest.
 16296 | Lair:2   | Noticed a seven-headed hydra
 16319 | Lair:2   | Killed a seven-headed hydra
 16537 | Lair:2   | Reached skill level 12 in Ranged Weapons
 16694 | Lair:2   | Reached XP level 13. HP: 61/88 MP: 17/20
 16870 | Lair:2   | Noticed a five-headed hydra
 16878 | Lair:2   | Killed a five-headed hydra
 16879 | Lair:2   | Reached skill level 10 in Dodging
 17356 | Lair:2   | Reached skill level 5 in Fighting
 17716 | Lair:2   | Reached *** piety under Qazlal
 18524 | Lair:3   | Identified the +4 arbalest "Tetruesk" {speed, +Blink rPois}
 18549 | Lair:3   | Noticed a seven-headed hydra
 18562 | Lair:3   | Killed a seven-headed hydra
 18917 | Lair:3   | Reached skill level 13 in Ranged Weapons
 18951 | Lair:3   | Found a staircase to the Swamp.
 19885 | Lair:4   | Found a staircase to the Slime Pits.
 19886 | Lair:4   | Found a viscous altar of Jiyva.
 20428 | Lair:5   | Entered Level 5 of the Lair of Beasts
 20471 | Lair:5   | Noticed a seven-headed hydra
 20476 | Lair:4   | Killed a seven-headed hydra
 20578 | Lair:5   | Noticed a boulder beetle
 20597 | Lair:5   | Killed a boulder beetle
 20598 | Lair:5   | Reached XP level 14. HP: 103/103 MP: 21/21
 20892 | Lair:5   | Reached **** piety under Qazlal
 20910 | Lair:5   | Reached skill level 14 in Ranged Weapons
 21445 | Lair:5   | Reached skill level 15 in Ranged Weapons
 22026 | Lair:5   | Reached ***** piety under Qazlal
 22054 | Lair:5   | Reached skill level 16 in Ranged Weapons
 22475 | Lair:5   | Reached XP level 15. HP: 106/109 MP: 22/22
 22841 | Lair:1   | Killed Sonja
 22932 | Orc:1    | Killed Fannar
 23067 | Orc:1    | Reached skill level 17 in Ranged Weapons
 23355 | Orc:2    | Found a staircase to the Elven Halls.
 23363 | Orc:1    | Noticed Gastronok
 23363 | Orc:1    | Noticed Erica
 23387 | Orc:2    | Noticed an orc warlord
 23413 | Orc:2    | Killed an orc warlord
 23473 | Orc:2    | Found a bloodstained altar of Trog.
 23571 | Orc:2    | Found Hingarup's Distillery.
 24184 | Orc:2    | Found Haucoor's Distillery.
 24184 | Orc:2    | Found Filub's Antique Weapon Shop.
 24185 | Orc:2    | Found Urphegga's Magic Scroll Boutique.
 24190 | Orc:2    | Found Owkix's Assorted Antiques.
 24194 | Orc:2    | Bought a scroll of teleportation for 39 gold pieces
 24194 | Orc:2    | Bought a scroll of teleportation for 39 gold pieces
 24194 | Orc:2    | Bought a scroll of blinking for 97 gold pieces
 24196 | Orc:2    | Bought a potion of haste for 130 gold pieces
 24666 | Swamp:1  | Entered Level 1 of the Swamp
 24926 | Spider:1 | Entered Level 1 of the Spider Nest
 24962 | Spider:1 | Noticed Rupert
 24968 | Spider:1 | Killed Rupert
 24969 | Spider:1 | Reached skill level 1 in Evocations
 25019 | Spider:1 | Reached skill level 18 in Ranged Weapons
 25147 | Spider:1 | Found a runed translucent gate.
 25147 | Spider:1 | Found a runed translucent gate.
 25147 | Spider:1 | Found a runed translucent gate.
 25152 | Spider:1 | Noticed an emperor scorpion
 25153 | Spider:1 | Noticed GeoRichter's ghost (adept VSBr)
 26381 | Spider:2 | Noticed an emperor scorpion
 26392 | Spider:2 | Killed an emperor scorpion
 26394 | Spider:2 | Reached XP level 16. HP: 40/120 MP: 17/23
 26649 | Spider:2 | Reached skill level 5 in Evocations
 26674 | Spider:2 | Noticed an emperor scorpion
 26693 | Spider:2 | Killed an emperor scorpion
 27319 | Spider:3 | Noticed Mlioglotl
 27330 | Spider:3 | Noticed a dread lich
 27330 | Spider:3 | Noticed a tentacled starspawn
 27679 | D:12     | Noticed Josephine
 27687 | D:12     | Killed Josephine
 27688 | D:12     | Reached skill level 10 in Fighting
 28301 | D:12     | Identified the +10 executioner's axe "Toxouc" {freeze, Fly
                  | rElec rPois}
 28301 | D:12     | Identified the ring "Elostrixt" {Ice rElec Stlth+}
 28343 | D:12     | Noticed a sphinx
 28353 | D:12     | Killed a sphinx
 28372 | D:12     | Found the +8 orange crystal plate armour {Archmagi, Int+3
                  | Clar}
 28830 | D:13     | Found a gate to the Vaults.
 28832 | D:13     | Found the +15 Maxwell's patent armour {-Cast -Tele rElec
                  | Will+ rCorr}
 29096 | D:13     | You fall into a shaft and drop 2 floors!
 29096 | D:15     | Entered Level 15 of the Dungeon
 29123 | D:14     | Noticed Agnes
 29129 | D:14     | Killed Agnes
 29516 | D:14     | Noticed Nessos
 29523 | D:14     | Killed Nessos
 29706 | D:14     | Reached XP level 17. HP: 129/129 MP: 24/26
 29725 | D:14     | Noticed Jorgrun
 29770 | D:14     | Killed Jorgrun
 29812 | D:14     | Found Cuycafiu's Book Boutique.
 29879 | D:14     | Noticed Kirke
 29897 | D:14     | Killed Kirke
 29966 | D:14     | Got the Guide on Grim Spellbinding
 30384 | D:15     | Identified the amulet of Xom's Entertainment {Faith rElec
                  | rN+ Str-2}
 30485 | D:15     | Identified the +5 plate armour "Usimem" {+Inv rElec rN+
                  | Dex-5}
 30644 | D:15     | Found a staircase to the Depths.
 31649 | Swamp:1  | Noticed Donald
 31656 | Swamp:1  | Killed Donald
 31759 | Swamp:1  | Noticed Frances
 31765 | Swamp:1  | Killed Frances
 31832 | Swamp:1  | Reached skill level 15 in Dodging
 31905 | Swamp:1  | Found a stormy altar of Qazlal.
 32301 | Swamp:2  | Noticed Aizul
 32306 | Swamp:2  | Reached skill level 10 in Armour
 32324 | Swamp:2  | Killed Aizul
 32403 | Swamp:2  | Reached XP level 18. HP: 136/136 MP: 27/27
 33025 | Swamp:3  | Noticed a tentacled monstrosity
 33033 | Swamp:3  | Killed a tentacled monstrosity
 33231 | Swamp:4  | Entered Level 4 of the Swamp
 33231 | Swamp:4  | Found a runed translucent door.
 33246 | Swamp:4  | Noticed Exodus22XD's ghost (adept MiFi)
 33511 | Swamp:4  | Reached ****** piety under Qazlal
 34043 | Swamp:4  | Found a blossoming altar of Fedhas.
 34064 | Swamp:4  | Got a decaying rune of Zot
 34119 | Swamp:4  | Killed Exodus22XD's ghost
 34119 | Swamp:4  | Paralysed by a hornet for 1 turns
 34126 | Swamp:4  | Reached XP level 19. HP: 113/141 MP: 29/29
 34211 | Swamp:4  | Found a basalt altar of Yredelemnul.
 34596 | Orc:2    | Bought a potion of curing for 39 gold pieces
 34596 | Orc:2    | Bought a potion of haste for 130 gold pieces
 34613 | Elf:1    | Entered Level 1 of the Elven Halls
 34963 | Elf:1    | Found Laodulim's Tremendous Tomes.
 35276 | Elf:1    | Found a crumbling gateway.
 35809 | Elf:2    | Reached skill level 1 in Shields
 36045 | Elf:2    | Found a runed translucent door.
 36071 | Elf:2    | Found a runed translucent door.
 36217 | Elf:3    | Entered Level 3 of the Elven Halls
 36308 | Elf:3    | Noticed Zenata
 36592 | Elf:3    | Reached skill level 5 in Shields
 36753 | Elf:3    | Noticed a deep elf blademaster
 36842 | Elf:3    | Killed a deep elf blademaster
 37286 | Spider:1 | Identified a scroll of acquirement
 37320 | Spider:1 | Killed GeoRichter's ghost
 37383 | Spider:1 | Identified the +0 pair of gloves "Mydad" {rPois Str+2
                  | Int+2}
 37396 | Spider:1 | Acquired the +2 cloak of Bedevilment {rPois Int+3 Dex+4}
 37516 | Spider:3 | Killed Mlioglotl
 37719 | Spider:3 | Noticed Arachne
 37725 | Spider:3 | Killed Arachne
 37817 | Spider:3 | Reached skill level 15 in Invocations
 37864 | Spider:3 | Got Lehudib's Textbook on Blasting
 37915 | Spider:3 | Reached XP level 20. HP: 148/148 MP: 3/31
 38350 | Spider:4 | Entered Level 4 of the Spider Nest
 38459 | Spider:3 | Reached skill level 19 in Ranged Weapons
 39463 | Spider:4 | Got a gossamer rune of Zot
 39727 | Vaults:1 | Entered Level 1 of the Vaults
 40553 | Vaults:1 | Found Qydoli's Armour Boutique.
 41311 | Vaults:2 | Reached XP level 21. HP: 156/157 MP: 33/33
 41634 | Vaults:2 | Found a staircase to the Crypt.
 41637 | Vaults:2 | Noticed a bone dragon
 41657 | Vaults:2 | Killed a bone dragon
 42012 | Vaults:2 | Noticed Mara
 42014 | Vaults:2 | Noticed Atlar's illusion
 42075 | Vaults:3 | Reached skill level 20 in Ranged Weapons
 42786 | Vaults:3 | Paralysed by a sphinx for 2 turns
 43313 | Vaults:3 | Found a transporter.
 43324 | Vaults:3 | Found a transporter.
 43933 | Vaults:4 | Reached XP level 22. HP: 169/169 MP: 34/34
 45192 | Depths:1 | Entered Level 1 of the Depths
 45296 | Depths:1 | HP: 12/256 [spriggan berserker/+0 broad axe (6)]
 45298 | Depths:1 | HP: 5/256 [something (6)]
 45299 | Depths:1 | Slain by a vampire knight

Illustrated notes

Levels and vault maps discovered:
D:1:      sevenhm_arrival_forest_fort_large_1, layout_basic
D:2:      layout_loops_ring, minmay_misc_feat_four_crosses
D:3:      layout_loops_ring, hellmonk_ecumenical_altar_blasted,
          uniq_crazy_yiuf_cottage
D:4:      layout_loops_cross, minmay_temple_entry_wispy, serial_shops, shop,
          shop, shop, nicolae_take_the_stairs, uniq_pikel, uniq_robin,
          uniq_blork_the_orc
D:5:      layout_loops_ring, nicolae_ossuary_entry_giza
D:6:      layout_basic
D:7:      layout_rooms, nicolae_overflow_hallway_of_the_gods,
          cheibrodos_ashenzari_chains, mainiacjoe_overflow_catwalk,
          roderic_batcave, uniq_prince_ribbit1, uniq_joseph, uniq_duvessa
D:8:      layout_rooms, mainiacjoe_overflow_boulevard, david_lair_generic,
          chequers_garden, uniq_psyche
D:9:      layout_loops_ring, serial_shops, nicolae_shop_waterfront,
          nicolae_blasting_shop, minmay_crystal_room
D:10:     layout_loops_ring, minivault_24, uniq_grum
D:11:     layout_layer_cave, trog_three_pillars_becter
D:12:     layout_long_grid, portal_ice_cave_entry_pillars_1,
          minmay_misc_feat_hallway, hangedman_abyss_or_decor_jellyfish_corner,
          minmay_checkered_concentric_circles, uniq_josephine
D:13:     layout_small_grid, ximxim_vaults_locker_room,
          chequers_serial_rivers_micro_c, corexii_hall_statues_s
D:14:     layout_long_grid, serial_shops, nicolae_diamond_shop,
          nicolae_elevator_lobby_plus, uniq_nessos, uniq_agnes, uniq_kirke,
          uniq_jorgrun
D:15:     grunt_enter_depths_hoard, layout_loops_ring, minivault_12
Temple:   nicolae_temple_bog_church
Lair:1:   layout_roguey, gauntlet_entry_generic, serial_bayou_lagoon_a,
          infiniplex_staircase_pool, grunt_megastairs_2, lemuel_fruit_fields,
          serial_bayou_shore_b, serial_bayou_shore_b, uniq_sonja
Lair:2:   beast_lair_carwin_large_3, layout_misc_corridors,
          spider_nest_entry_web_field
Lair:3:   layout_regular_city, minmay_swamp_entry_swarm
Lair:4:   layout_concentric_octagons, slime_entry_1, lemuel_fruit_fields
Lair:5:   evilmike_catoblepas_cave, layout_misc_corridors, minivault_19
Swamp:1:  layout_basic_swamp, nicolae_swamp_feature_on_the_river_bank,
          swamp_pool5, uniq_donald, uniq_frances
Swamp:2:  nicolae_swamp_husk_halls, layout_basic_swamp, nicolae_swamp_big_swirl,
          uniq_aizul
Swamp:3:  layout_basic_swamp, serial_swamp_ruin, evilmike_swamp_ruin_house_4,
          evilmike_swamp_ruin_rubble_2, hangedman_swamp_ruin_wall
Swamp:4:  byrel_swamp_growth_death_and_undeath, layout_basic_swamp,
          ebering_ghost_inner_flame, swamp_pool5
Spider:1: nicolae_spider_mines_2, gammafunk_ghost_tricky_traps, uniq_rupert
Spider:2: layout_spider_delve, drop_trap
Spider:3: layout_spider_delve, nicolae_spider_moth_buddies, uniq_mlioglotl,
          uniq_arachne
Spider:4: hellmonk_spider_rune_endless_swarm, nicolae_spider_eight_legs
Orc:1:    layout_caves, special_room [special_room_orc],
          nicolae_shop_overcharged_wands, uniq_fannar, uniq_gastronok,
          uniq_nergalle, uniq_erica
Orc:2:    st_orc_mages, layout_diamond_mine, basic_altar, serial_shops,
          nicolae_shop_trees
Elf:1:    eino_elf_arrival_sip, layout_onion_city,
          portal_desolation_entry_nicolae_nacl, st_stairs_9,
          nicolae_shop_i_like_big_books, nicolae_elf_loose_elemental_storage
Elf:2:    elven_hall_of_blades_hangedman_original
          [nicolae_blade_entry_splitting_headache], layout_geoelf_octagon
Elf:3:    grunt_elf_hall_asides, layout_rooms, chequers_big_river, uniq_zenata
Vaults:1: v_misc_30, v_misc_8, hangedman_vaults_hat, vaults_room_door_hall,
          ontoclasm_vaults_chip, ontoclasm_vaults_fault, hangedman_vaults_snaps,
          vaults_room_semicircle, grunt_vaults_hallway_short,
          vaults_room_door_ring, hangedman_vaults_stretched_pinwheel, v_misc_28,
          layout_vaults_big_room, serial_shops, nicolae_shop_behind_doors
Vaults:2: ontoclasm_vaults_claustrophobia, nicolae_vaults_angled_halls,
          hangedman_vaults_unwind, nicolae_vaults_little_squares_1,
          minmay_crypt_entry_nasty_monster, nicolae_vaults_little_squares_1,
          nicolae_vaults_alarming, layout_vaults_omnigrid, serial_shops,
          nicolae_shop_waterfront, uniq_mara
Vaults:3: ontoclasm_vaults_hangar, hangedman_vaults_nails,
          nicolae_vaults_little_squares_2, v_misc_11, v_misc_13,
          nicolae_vaults_network_periphery, hangedman_vaults_nails, v_misc_15,
          v_pattern_5, nicolae_vaults_little_squares_3, gammafunk_sealed_arena,
          nicolae_vaults_network_quinsquares
          [nicolae_vaults_network_quincunx_subvault,
          nicolae_vaults_network_quincunx_subvault,
          nicolae_vaults_network_quincunx_subvault,
          nicolae_vaults_network_quincunx_subvault], v_misc_14,
          vaults_dpeg_emergency_exit, nicolae_vaults_little_squares_6,
          layout_vaults_maze
Vaults:4: v_misc_13, v_misc_9, v_misc_23, v_rooms_3,
          hangedman_vaults_variations, dpeg_vaults_hating_casters,
          hangedman_vaults_stream, vaults_mumra_minichess_inversion,
          nicolae_vaults_three_branches, nicolae_vaults_asterisk,
          nicolae_vaults_gold_heap, nicolae_vaults_asterisk,
          layout_vaults_omnicross
Depths:1: layout_small_grid, hell_entry, lemuel_doored_altar,
          chequers_serial_rivers_micro_d, hangedman_abyss_or_decor_stagger,
          corexii_hall_statues_u, nicolae_uskayaw_suspiria, serial_bayou_shore_a

Skill      XL: |  1  2  3  4  5  6  7  8  9 10 11 12 13 14 15 16 17 18 19 20 21 22 |
---------------+-------------------------------------------------------------------+-----
Stealth        | 2 3 |  3.8
Ranged Weapons | 5 6 7 8 9 11 12 13 16 18 19 20 | 20.1
Poison Magic   | 1 2 4 |  4.9
Spellcasting   | 2 3 4 |  4.4
Invocations    | 2 5 7 9 10 12 14 15 16 17 18 | 18.4
Dodging        | 4 6 8 9 11 12 13 15 16 17 18 | 18.1
Armour         | 2 5 6 7 10 11 13 14 | 14.0
Fighting       | 3 7 9 10 11 13 | 13.9
Evocations     | 4 5 6 8 |  8.0
Shields        | 5 |  5.1

Action                   |  1- 3 |  4- 6 |  7- 9 | 10-12 | 13-15 | 16-18 | 19-21 | 22-24 || total
-------------------------+-------+-------+-------+-------+-------+-------+-------+-------++-------
Melee: Shortbow          |       |       |       |     3 |       |       |       |       ||     3
 Fire: Shortbow          |    84 |   106 |   352 |   803 |   334 |       |       |       ||  1679
       Arbalest          |       |       |       |       |   566 |  1246 |  1688 |   254 ||  3754
Throw: Throwing net      |       |       |       |     2 |       |       |       |       ||     2
 Cast: Poisonous Vapours |       |       |     4 |     2 |       |       |       |       ||     6
Invok: Upheaval          |       |       |       |    23 |    23 |     8 |    15 |     8 ||    77
       Elemental Force   |       |       |       |       |     1 |    13 |    13 |     1 ||    28
       Disaster Area     |       |       |       |       |       |       |       |     1 ||     1
Evoke: Wand              |       |       |     7 |     6 |     5 |     6 |    12 |     4 ||    40
       Phial of floods   |       |       |       |       |       |       |     1 |     1 ||     2
       Lightning rod     |       |       |       |       |       |       |     2 |       ||     2
  Use: Scroll            |       |     6 |     2 |    11 |    13 |    14 |     9 |       ||    55
       Potion            |       |       |     6 |     6 |     3 |     3 |     5 |     4 ||    27
Armor: Leather armour    |    11 |     4 |    88 |    17 |       |       |       |       ||   120
       Acid dragon scale |       |       |       |   182 |   138 |       |       |       ||   320
       Troll leather arm |       |       |       |       |    16 |   166 |   116 |    23 ||   321
       Skin              |       |       |       |       |       |       |       |    11 ||    11
Dodge: Dodged            |    27 |    20 |   151 |   383 |   517 |   594 |   664 |   122 ||  2478
       Repelled          |       |       |       |       |     3 |     9 |    15 |       ||    27
Block: Other             |       |       |     7 |    46 |   102 |   174 |   216 |    41 ||   586
